 Dungeon Crawl Stone Soup version 0.19.0-22-gd96e5fe (webtiles) character file.

2631 Killashandra the Cudgeler (level 9, -12/86 (87) HPs)
             Began as a Troll Fighter on Nov 19, 2016.
             Killed by divine providence
             ... invoked by an orc priest
              (17 damage)
             ... while paralysed
             ... on level 8 of the Dungeon.
             The game lasted 00:58:08 (5401 turns).

Killashandra the Cudgeler (Troll Fighter)           Turns: 5401, Time: 00:58:09

HP:   -12/86 (87)   AC:  5    Str: 29    XL:     9   Next: 35%
MP:   2/2           EV:  1    Int:  4    God:
Gold: 275           SH:  0    Dex:  9    Spells: 0 memorised, 8 levels left

rFire  . . .     SeeInvis +     t - +4 flail (antimagic)
rCold  . . .     Gourm    +     b - +0 robe
rNeg   . . .     Faith    +     w - +0 large shield
rPois  .         Spirit   .     (helmet restricted)
rElec  .         Reflect  .     (no cloak)
rCorr  .         Harm     .     (gloves unavailable)
MR     .....                    (boots unavailable)
Stlth  +.........               e - amulet of faith
                                T - +2 ring of evasion
                                H - ring of see invisible

@: paralysed, fainting
A: unfitting armour, claws 3, fast metabolism 3, gourmand, regeneration 1,
shaggy fur 1, tough skin 2
a: no special abilities


You were on level 8 of the Dungeon.
You were fainting.

You visited 1 branch of the dungeon, and saw 9 of its levels.

You collected 275 gold pieces.

Inventory:

Hand Weapons
 a - a +0 war axe
 g - a +0 shortbow
 h - a +0 whip of venom
 m - a +0 shortbow
 r - a +0 rapier
 t - a +4 antimagic flail (weapon)
 x - a +0 club
 y - a +0 hunting sling
 C - a +0 long sword
 J - a +0 blowgun
 K - a +0 dagger
 U - a +0 scythe
Missiles
 f - 25 bolts
 l - 187 stones (quivered)
 v - 124 arrows
 E - 53 sling bullets
 I - 57 poisoned needles
Armour
 b - a +0 robe (worn)
 c - a +0 shield
 n - the +1 pair of gloves "Ikhytamu" {rC+ Int+5 Stlth+, unknown}
   (You found it on level 4 of the Dungeon)

   It affects your intelligence (+5).
   It protects you from cold.
   It makes you more stealthy.
 s - a +3 leather armour
 w - a +0 large shield (worn)
 M - a +0 chain mail
Jewellery
 e - an amulet of faith (around neck)
 o - an uncursed ring of wizardry
 q - an uncursed amulet of rage
 D - a +2 ring of intelligence
 H - a ring of see invisible (left claw)
 T - a +2 ring of evasion (right claw)
Wands
 N - a wand of acid (7/15)
Scrolls
 j - 2 scrolls of remove curse
 k - a scroll of random uselessness {unknown}
 p - a scroll of identify
 z - a scroll of enchant weapon {unknown}
 A - a scroll of immolation {unknown}
 B - 2 scrolls of recharging {unknown}
 F - a scroll of fear
 P - a scroll of enchant armour {unknown}
 X - a scroll of blinking {unknown}
Potions
 d - 2 potions of might
 i - 5 potions of curing
 u - a potion of invisibility
 G - a potion of resistance
 L - 2 potions of flight
 R - a potion of haste
 Y - a potion of degeneration {unknown}
Comestibles
 O - 4 meat rations
 W - 4 fruits


   Skills:
 + Level 4.8 Fighting
 + Level 1.8(4.6) Axes
 + Level 7.3(7.4) Maces & Flails
 + Level 5.1 Dodging
 + Level 1.0 Stealth
 + Level 5.6 Shields


You had 8 spell levels left.
You didn't know any spells.

Dungeon Overview and Level Annotations

Branches:
Dungeon (9/15)             Temple (0/1) D:6
   Lair: D:8-11         Orc: D:9-12

Altars:
Fedhas
Xom

Shops:
D:4 :


Innate Abilities, Weirdness & Mutations

You are too large for most types of armour.
You have claws for hands.
Your metabolism is lightning-fast.
You like to eat raw meat.
Your natural rate of healing is unusually fast.
You are covered in fur. (AC +1)
You have very tough skin. (AC +2)


Message History

The orc hits you but does no damage.
The orc wizard falters for a moment.
The orc priest hits you with a short sword!
* * * LOW HITPOINT WARNING * * *
The orc hits you but does no damage. The orc wizard hits you with a dagger.
* * * LOW HITPOINT WARNING * * *
The orc priest hits you with a short sword.
* * * LOW HITPOINT WARNING * * *
The orc hits you from afar with a trident.
* * * LOW HITPOINT WARNING * * *
The orc wizard hits you but does no damage.
The orc priest calls upon Beogh to heal the orc wizard.
The orc wizard is healed somewhat.
The orc hits you but does no damage.
The orc wizard falters for a moment.
The orc priest hits you but does no damage.
The orc hits you but does no damage.
The orc wizard falters for a moment.
The orc priest invokes the aid of Beogh against you.
Beogh smites you!
You die...

#Y# #.#.# #####.# #o#.#
#.o.Ko# #.#.# #####.K.###
#.#.# ......o># #K#.#
##.##...# #.#.######.
#.##...# #..o.......
#Y##...# ####o#########
#.###### #..@o..#.....#
#o#....# #.##.#.#.###.#
#.#....######.##.#.#.###.#
#o#...........##.#.#...#.#
##(#...........##.#.#...#.#
.†(#.....).....##.......#.#
#).#......[)..#####.#.#.#.#
...#..............†.#.#...#
...#....#############.#####


You could see an orc priest, an orc wizard and an orc.

Vanquished Creatures
  Sigmund (D:4)
  A yak (D:8)
  Eustachio (D:4)
  Edmund (D:4)
  An ice beast (D:7)
  3 sky beasts
  An orc warrior (D:8)
  A necrophage (D:7)
  An ogre (D:5)
  3 centaurs
  2 bullfrogs
  4 scorpions
  A howler monkey (D:8)
  2 crimson imps
  A quasit (D:7)
  4 hounds
  An orc priest (D:6)
  3 jellies
  3 iguanas
  2 orc wizards
  Natasha (thrice) (D:3)
  5 worker ants
  A howler monkey zombie (D:7)
  5 adders
  A shadow imp (D:6)
  An adder skeleton (D:5)
  4 worms
  A dart slug (D:1)
  3 leopard geckos
  13 orcs
  6 bats
  3 giant cockroaches
  12 goblins
  6 hobgoblins
  11 jackals
  9 kobolds
  2 quokkas (D:8)
  A ball python (D:4)
  6 frilled lizards
  A leopard gecko skeleton (D:7)
  2 quokka skeletons
  7 rats
140 creatures vanquished.

Notes
Turn   | Place    | Note
-------+----------+-------------------------------------------
     0 | D:1      | Killashandra the Troll Fighter began the quest for the Orb.
     0 | D:1      | Reached XP level 1. HP: 22/22 MP: 0/0
   196 | D:1      | Reached XP level 2. HP: 25/29 MP: 1/1
   989 | D:2      | Reached XP level 3. HP: 35/36 MP: 2/2
  1553 | D:3      | Noticed Natasha
  1576 | D:3      | Killed Natasha
  1576 | D:3      | Reached skill level 1 in Maces & Flails
  1576 | D:3      | Reached XP level 4. HP: 30/44 MP: 3/3
  1590 | D:3      | Noticed Natasha
  1601 | D:3      | Killed Natasha
  1725 | D:3      | Reached skill level 2 in Maces & Flails
  1725 | D:3      | Reached XP level 5. HP: 50/50 MP: 4/4
  1761 | D:3      | Noticed Natasha
  1779 | D:3      | Killed Natasha
  2325 | D:4      | Noticed Sigmund
  2342 | D:4      | Killed Sigmund
  2342 | D:4      | Reached XP level 6. HP: 49/61 MP: 5/5
  2390 | D:4      | Noticed Eustachio
  2491 | D:4      | Noticed Edmund
  2522 | D:4      | Killed Edmund
  2522 | D:4      | Reached skill level 3 in Maces & Flails
  2563 | D:4      | Found Keita's Book Emporium.
  2626 | D:4      | Got a pair of heavily runed gloves
  2695 | D:4      | Killed Eustachio
  2695 | D:4      | Reached XP level 7. HP: 60/67 MP: 2/6
  3072 | D:4      | Found a shimmering altar of Xom.
  3095 | D:5      | Entered Level 5 of the Dungeon
  3203 | D:5      | Reached skill level 4 in Maces & Flails
  3550 | D:5      | Reached XP level 8. HP: 78/78 MP: 2/7
  3889 | D:6      | Reached skill level 5 in Maces & Flails
  4058 | D:6      | Paralysed by fainting for 9 turns
  4118 | D:6      | Found a staircase to the Ecumenical Temple.
  4217 | D:6      | Found a blossoming altar of Fedhas.
  4810 | D:7      | Reached skill level 5 in Shields
  4964 | D:7      | Reached skill level 6 in Maces & Flails
  5212 | D:8      | Reached XP level 9. HP: 64/84 MP: 2/8
  5301 | D:8      | Reached skill level 7 in Maces & Flails
  5308 | D:8      | Reached skill level 5 in Dodging
  5365 | D:8      | Reached skill level 1 in Stealth
  5396 | D:8      | Paralysed by fainting for 7 turns
  5399 | D:8      | HP: 3/86 [orc/trident (5)]
  5401 | D:8      | Killed from afar by an orc priest

Skill      XL: |  1  2  3  4  5  6  7  8  9 |
---------------+----------------------------+-----
Shields        | 3 4 5 |  5.6
Maces & Flails | 1 2 3 4 6 7 |  7.3
Dodging        | 3 4 5 |  5.1
Fighting       | 3 4 |  4.8
Stealth        | 1 |  1.0
Axes           | |  1.8

Action                   |  1- 3 |  4- 6 |  7- 9 || total
-------------------------+-------+-------+-------++-------
Melee: War axe           |    19 |       |       ||    19
       Whip              |    97 |   184 |       ||   281
       Flail             |       |    10 |   302 ||   312
  Use: Scroll            |       |     7 |     2 ||     9
       Potion            |       |     1 |       ||     1
 Stab: Sleeping          |       |     1 |     2 ||     3
  Eat: Bread ration      |     2 |     3 |     2 ||     7
       Royal jelly       |     1 |       |       ||     1
       Meat ration       |       |       |     2 ||     2
       Pizza             |       |       |     1 ||     1
       Beef jerky        |       |       |     1 ||     1
Armor: Robe              |    40 |    41 |    59 ||   140
Dodge: Dodged            |    57 |    72 |    95 ||   224
Block: Shield            |    68 |    76 |       ||   144
       Large shield      |       |       |   257 ||   257
